 Dungeon Crawl Stone Soup version 0.31-a0-700-gf13585253f (webtiles) character file.

Game seed: 17912449367010128566

2342 cforsyth the Fighter (level 9, 0/96 HPs)
             Began as a Djinni Chaos Knight on Sept 7, 2023.
             Was a Follower of Hepliaklqana.
             Shot with an arrow by a centaur (4 damage)
             ... on level 7 of the Dungeon.
             The game lasted 00:11:10 (6862 turns).

cforsyth the Fighter (Djinni Chaos Knight)          Turns: 6862, Time: 00:11:11

Health: 0/96       AC: 10    Str: 14      XL:     9   Next: 70%
Gold:   343        EV: 12    Int: 20 (21) God:    Hepliaklqana [*.....] SH:  0 Dex: 11

rFire   + + .        a - +0 falchion (chaos)
rCold   x . .        (no shield)
rNeg    . . .        b - +2 leather armour
rPois   ∞            (no helmet)
rElec   .            A - +0 cloak
rCorr   .            c - +1 pair of gloves
SInv    .            (boots unavailable)
Will    .....        (no amulet) Stlth
                     (no ring)
HPRegen 0.36/turn    (no ring)
MPRegen 0.00/turn

%: infuse magic (-1 HP)
@: confused, berserking (expiring), flying, very quick
A: reduced essence, sickness immunity, fire resistance 2, cold vulnerability 1,
float, innate caster, HP casting, extra vitality 1, iridescent scales 1, clever
1, mutation resistance 1, strong 1
a: Renounce Religion, Recall Ancestor, Ancestor Identity


You were on level 7 of the Dungeon.
You worshipped Hepliaklqana.
Hepliaklqana was aware of your devotion.
You visited 2 branches of the dungeon, and saw 8 of its levels.

You collected 343 gold pieces.

Inventory:

Hand Weapons
 a - a +0 falchion of chaos (weapon)
Missiles
 q - 2 throwing nets
Armour
 b - a +2 leather armour (worn)
 c - a +1 pair of gloves (worn)
 A - a +0 cloak (worn)
Wands
 w - a wand of charming (13)
 y - a wand of roots (3)
Scrolls
 d - 2 scrolls of enchant armour
 f - a scroll of fear
 h - 2 scrolls of teleportation {unknown}
 i - a scroll of immolation {unknown}
 j - 2 scrolls of fog
 k - a scroll of noise {unknown}
 l - a scroll of vulnerability {unknown}
 m - a scroll of summoning {unknown}
 n - a scroll of silence {unknown}
 p - 2 scrolls of identify
 s - 2 scrolls of enchant weapon
 v - a scroll of brand weapon {unknown}
Potions
 e - 2 potions of curing {unknown}
 g - a potion of cancellation {unknown}
 o - a potion of enlightenment {unknown}
 r - 2 potions of invisibility {unknown}
 t - a potion of degeneration {unknown}
 u - a potion of berserk rage
 x - a potion of lignification {unknown}
 B - a potion of mutation {unknown}


   Skills:
 + Level 9.2 Fighting
 - Level 2.8 Long Blades
 - Level 1.3 Armour
 - Level 2.4 Dodging
 + Level 6.3 Spellcasting
 + Level 6.3 Conjurations
 + Level 6.3 Hexes
 + Level 6.3 Summonings
 + Level 6.3 Necromancy
 + Level 6.3 Translocations
 + Level 6.3 Transmutations
 + Level 6.3 Fire Magic
 + Level 6.3 Ice Magic
 + Level 6.3 Air Magic
 + Level 6.3 Earth Magic
 + Level 6.3 Poison Magic


You knew the following spells:

 Your Spells              Type           Power      Damage    Failure   Level
a - Kiss of Death         Conj/Necr      100%       2d13      1%          1
b - Searing Ray           Conj           62%        2d6       1%          2
c - Momentum Strike       Conj/Tloc      62%        3d9       1%          2
d - Gell's Gravitas       Tloc           31%        N/A       2%          3
Your spell library was empty.

Dungeon Overview and Level Annotations

Branches:
Dungeon (7/15)             Temple (1/1) D:4

Altars:
Ashenzari
Cheibriados
Dithmenos
Elyvilon
Fedhas
Gozag
Hepliaklqana
Makhleb
Nemelex Xobeh
Okawaru
Qazlal
Ru
Trog
Uskayaw
Wu Jian
Xom
Zin
The Shining One

Portals:
Bailey: D:7


Innate Abilities, Weirdness & Mutations

Your life essence is reduced to manifest your ancestor. (-10% HP)
You are immune to sickness and miasma.
You are immune to poison.
Your flesh is very heat resistant. (rF++)
You are vulnerable to cold. (rC-)
You float through the air rather than walking.
You learn spells naturally, not from books.
Your magical power is your life essence.
You have superior vitality. (+4 MHP)
You are partially covered in iridescent scales. (AC +2)
Your mind is acute. (Int +4, Str/Dex -1)
You are somewhat resistant to further mutation.
Your muscles are strong. (Str +4, Int/Dex -1)


Message History

The centaur kicks you but does no damage.
The orc wizard hits you with a +0 dagger.
* * * LOW HITPOINT WARNING * * *
The centaur barely misses you. x2; The white imp misses you.
Okay, then.
The centaur misses you.
The centaur kicks you but does no damage.
Octavia hits the orc wizard but does no damage.
The orc wizard barely misses you.
The orc priest hits Octavia but does no damage.
The orc priest barely misses Octavia.
The white imp attacks as it pursues you!
The white imp closely misses you.
Found a ring mail.
The centaur attacks as it pursues you!
The centaur hits you but does no damage.
The centaur misses you.
Octavia closely misses the orc wizard.
The centaur barely misses you. x2; Something hits Octavia!
The orc priest calls upon Beogh to heal something.
The centaur wields a +0 shortbow.
The centaur shoots an arrow.
The arrow barely misses you.
The orc wizard points at you and mumbles some strange words.
You are confused.
You are too confused!
It was a potion of berserk rage.
A red film seems to cover your vision as you go berserk!
You feel yourself moving faster!
You feel mighty!
The centaur shoots an arrow.
The arrow hits you.
* * * LOW HITPOINT WARNING * * *
Octavia hits the orc wizard.
Something hits Octavia.
You bump into the rock wall.
You feel a strong urge to attack something.
You're too confused to move!
The orc wizard closely misses you.
The white imp misses Octavia.
You slash the orc wizard!
You kill the orc wizard!
The centaur shoots an arrow.
The arrow hits you!
* * * LOW HITPOINT WARNING * * *
Octavia hits the centaur.
The centaur shoots an arrow.
The arrow hits you.
You die...
Xom is highly amused!

*,,,..........(>...*,* *****
*,*,.#######.#####.*,* **,,,**
*,*,,* *.# #.#,###,,,,,* *,*,,*
*.# #.#...,,,,,,*
**,*,,*******.#***#.#.###,,,,,*
*,,,,,,<,,,,,..,,,......,*,,,****
,,,,,,******,##**##.#.#*,**,,,,,,
,,,,,,***###.#####5...##,********
,,,,,,,,,.[.....@)c5...#,* *
*,,,,****###.#####R...##,* *
**,*,,,* *,* ##o###*,* * *,*,*,*
*,* #.####,******** *,*,*,* *,*
#oo..#,**,,,,,, *,,,,,* *,*
##.....#*,***** **,,,,,** *,*
*.#.###*,* *,,,,,,,****,* *.#.#
*,* ,,,,,,*,,,,,,* *.#,# *,*


You could see the friendly Octavia the ancestor, a centaur (ally target), an orc
priest and 2 white imps.

Vanquished Creatures
  Sigmund (D:5)
  A water moccasin (D:6)
  A sky beast (D:6)
  An ice beast (D:4)
  2 black bears
  4 ogres
  2 centaurs
  A kobold brigand (D:6)
  A bullfrog (D:7)
  3 scorpions
  A howler monkey (D:4)
  2 jellies
  3 hounds (D:5)
  2 orc priests
  2 sleepcaps
  3 iguanas
  10 orc wizards
  7 gnolls (D:5)
  6 adders
  A dart slug (D:3)
  11 orcs
  5 endoplasms
  4 giant cockroaches
  7 goblins
  9 hobgoblins
  9 jackals
  15 kobolds
  4 quokkas
  6 ball pythons
  6 bats
  7 frilled lizards
  4 rats
141 creatures vanquished.

Vanquished Creatures (collateral kills)
  A bullfrog (D:7)
  A sleepcap (D:6)
2 creatures vanquished.

Vanquished Creatures (others)
  A jackal (D:2)
1 creature vanquished.

Grand Total: 144 creatures vanquished

Notes
Turn   | Place    | Note
-------+----------+-------------------------------------------
     0 | D:1      | cforsyth the Djinni Chaos Knight began the quest for the
                  | Orb.
     0 | D:1      | Reached XP level 1. HP: 20/20 MP: 0/0
   122 | D:1      | Reached XP level 2. HP: 25/25 MP: 0/0
   128 | D:1      | XOM: divination: detect creatures
   163 | D:1      | XOM: silly message
   172 | D:1      | Found a faded altar of an unknown god.
   253 | D:1      | XOM: silly message
   255 | D:1      | Reached XP level 3. HP: 25/30 MP: 0/0
   255 | D:1      | Learned a level 1 spell: Kiss of Death
   475 | D:1      | XOM: divination: detect creatures
   769 | D:1      | XOM: silly message
   809 | D:2      | Reached skill level 1 in Spellcasting
   809 | D:2      | Reached skill level 1 in Conjurations
   809 | D:2      | Reached skill level 1 in Hexes
   809 | D:2      | Reached skill level 1 in Summonings
   809 | D:2      | Reached skill level 1 in Necromancy
   809 | D:2      | Reached skill level 1 in Translocations
   809 | D:2      | Reached skill level 1 in Transmutations
   809 | D:2      | Reached skill level 1 in Fire Magic
   809 | D:2      | Reached skill level 1 in Ice Magic
   809 | D:2      | Reached skill level 1 in Air Magic
   809 | D:2      | Reached skill level 1 in Earth Magic
   809 | D:2      | Reached skill level 1 in Poison Magic
   854 | D:2      | Reached XP level 4. HP: 35/37 MP: 0/0
  1076 | D:2      | XOM: scenery: 1 doors close
  1466 | D:3      | XOM: confuse monster(s)
  1589 | D:2      | XOM: give mutations
  1589 | D:2      | Gained mutation: You are somewhat resistant to further
                  | mutation. [Xom's grace]
  1589 | D:2      | Gained mutation: Your mind is acute. (Int +4, Str/Dex -1)
                  | [Xom's grace]
  1589 | D:2      | Gained mutation: You are partially covered in iridescent
                  | scales. (AC +2) [Xom's grace]
  1589 | D:2      | Gained mutation: Your muscles are strong. (Str +4, Int/Dex
                  | -1) [Xom's grace]
  1593 | D:2      | Reached skill level 4 in Fighting
  1593 | D:2      | Reached XP level 5. HP: 21/41 MP: 0/0
  1593 | D:2      | Learned a level 2 spell: Searing Ray
  1604 | D:2      | XOM: fake destruction
  1606 | D:2      | XOM: enchant monster (good)
  1760 | D:3      | XOM: divination: detect creatures
  2140 | D:3      | XOM: noise
  2546 | D:4      | XOM: stealth player
  2546 | D:4      | Noticed an ice beast
  2635 | D:4      | XOM: repel stairs
  2638 | D:4      | Killed an ice beast
  2639 | D:4      | Reached skill level 5 in Fighting
  2639 | D:4      | Reached XP level 6. HP: 27/39 MP: 0/0
  2685 | D:4      | Noticed an ogre
  3198 | D:4      | Found a staircase to the Ecumenical Temple.
  3251 | D:4      | Reached XP level 7. HP: 45/51 MP: 0/0
  3251 | D:4      | Learned a level 2 spell: Momentum Strike
  3331 | D:4      | Found a snail-covered altar of Cheibriados.
  3480 | D:4      | XOM: stat loss: -1 Int (18/19)
  3686 | D:4      | Reached skill level 6 in Fighting
  3872 | D:5      | Entered Level 5 of the Dungeon
  3954 | D:5      | Reached XP level 8. HP: 58/62 MP: 0/0
  3959 | D:5      | Noticed Sigmund
  4075 | D:4      | XOM: summons 5 hostile demons
  4144 | Temple   | Entered the Ecumenical Temple
  4157 | Temple   | Fell from the grace of Xom
  4157 | Temple   | Became a worshipper of Hepliaklqana the Forgotten
  4461 | D:5      | Reached skill level 7 in Fighting
  4727 | D:5      | Killed Sigmund
  4883 | D:5      | XOM: stat loss: -1 Str (13/14)
  4941 | D:5      | Reached skill level 5 in Spellcasting
  4941 | D:5      | Reached skill level 5 in Conjurations
  4941 | D:5      | Reached skill level 5 in Hexes
  4941 | D:5      | Reached skill level 5 in Summonings
  4941 | D:5      | Reached skill level 5 in Necromancy
  4941 | D:5      | Reached skill level 5 in Translocations
  4941 | D:5      | Reached skill level 5 in Transmutations
  4941 | D:5      | Reached skill level 5 in Fire Magic
  4941 | D:5      | Reached skill level 5 in Ice Magic
  4941 | D:5      | Reached skill level 5 in Air Magic
  4941 | D:5      | Reached skill level 5 in Earth Magic
  4941 | D:5      | Reached skill level 5 in Poison Magic
  5052 | D:6      | XOM: 1-stop teleportation journey
  5131 | D:6      | Reached skill level 8 in Fighting
  5131 | D:6      | Reached XP level 9. HP: 37/67 MP: 0/0
  5131 | D:6      | Learned a level 3 spell: Gell's Gravitas
  5133 | D:6      | XOM: torment (20/67 hp)
  5546 | D:6      | Reached * piety under Hepliaklqana
  5607 | D:6      | XOM: divination: detect creatures
  6085 | D:6      | Found an ornate altar of the Wu Jian Council.
  6118 | D:6      | Found a burning altar of Makhleb.
  6123 | D:6      | Found a blossoming altar of Fedhas.
  6198 | D:6      | XOM: noise
  6401 | D:6      | Reached skill level 9 in Fighting
  6622 | D:6      | XOM: summons 8 hostile demons
  6803 | D:7      | XOM: stat loss: -1 Int (20/21)
  6839 | D:7      | Found a flagged portal.
  6846 | D:7      | XOM: 5-stop teleportation journey
  6862 | D:7      | HP: 4/96 [centaur/arrow (13)]
  6862 | D:7      | Shot with an arrow by a centaur

Illustrated notes

Levels and vault maps discovered:
D:1:      saegor_arrival_simple_b, layout_basic,
          ebering_ecumenical_altar_sacrificial
D:2:      layout_basic, serial_corexii_hall, corexii_hall_statues_s,
          chequers_hall_statues_corner_a
D:3:      layout_basic
D:4:      layout_loops_ring, palyth_temple_overflow_mages, lemuel_round_altar,
          minmay_temple_entry_hall, st_stairs_2
D:5:      layout_rooms, nicolae_the_louvre, uniq_sigmund
D:6:      layout_basic, minmay_overflow_temple_star_quad, nicolae_benzene_ring
D:7:      layout_loops_ring, nicolae_overflow_hidden_temple, enter_bailey_2
Temple:   zaba_magenta_temple

Skill      XL: |  1  2  3  4  5  6  7  8  9 |
---------------+----------------------------+-----
Spellcasting   | 1 2 3 5 6 |  6.3
Conjurations   | 1 2 3 5 6 |  6.3
Hexes          | 1 2 3 5 6 |  6.3
Summonings     | 1 2 3 5 6 |  6.3
Necromancy     | 1 2 3 5 6 |  6.3
Translocations | 1 2 3 5 6 |  6.3
Transmutations | 1 2 3 5 6 |  6.3
Fire Magic     | 1 2 3 5 6 |  6.3
Ice Magic      | 1 2 3 5 6 |  6.3
Air Magic      | 1 2 3 5 6 |  6.3
Earth Magic    | 1 2 3 5 6 |  6.3
Poison Magic   | 1 2 3 5 6 |  6.3
Fighting       | 4 5 6 8 9 |  9.2
Long Blades    | |  2.8
Armour         | |  1.3
Dodging        | |  2.4

Action                     |  1- 3 |  4- 6 |  7- 9 || total
---------------------------+-------+-------+-------++-------
  Melee: Falchion          |    70 |    97 |    26 ||   193
         Punch             |       |     1 |     1 ||     2
   Cast: Searing Ray       |       |    24 |    65 ||    89
         Kiss of Death     |       |     3 |     2 ||     5
         Momentum Strike   |       |       |    11 ||    11
 Invoke: Recall Ancestor   |       |       |     1 ||     1
    Use: Scroll            |       |     1 |     6 ||     7
         Potion            |       |       |     1 ||     1
   Stab: Sleeping          |     1 |       |       ||     1
 Armour: Leather armour    |    45 |   120 |   159 ||   324
  Dodge: Dodged            |    50 |   102 |   119 ||   271

Table legend: (Time is in decaauts)
 A = Elapsed time spent in this place.
 B = Non-inter-level travel time spent in this place.
 C = Inter-level travel time spent in this place.
 D = Time resting spent in this place.
 E = Time spent auto-exploring this place.
 F = Levels seen in this place.
 G = Mean time per level.
                   A        B        C        D        E       F      G
               +--------+--------+--------+--------+--------+-----+--------+
         Total |   6903 |   6771 |    132 |    396 |   5128 |   8 |  862.9 |
       Dungeon |   6876 |   6757 |    119 |    396 |   5128 |   7 |  982.3 |
        Temple |     26 |     13 |     13 |      0 |      0 |   1 |   26.0 |
               +--------+--------+--------+--------+--------+-----+--------+

Top non-repeatable levels by time:
     D:6: 1737 daAuts
     D:4: 1432 daAuts
     D:3: 1049 daAuts
     D:2: 910 daAuts
     D:5: 861 daAuts
     D:1: 804 daAuts
     D:7: 81 daAuts
  Temple: 26 daAuts
